AoeStats
← InF1caTe

Arabia

510099725Analyzed
1v1 RM · 1d ago on Sep 29, 2026· 18m 11s· 2 players
Game mode
Random Map
Map size
Tiny (2 player)
Population
200
Speed
Normal
Resources
Standard
Victory
Conquest
Starting age
Dark Age
Ending age
Imperial Age
RankedLock teamsTeams togetherTeam positionsShared explorationLock speedFull tech treeHidden civsTurbo modeCheats
Victory
Defeat
🇸🇰 Armenians · Slovakia
1001
+14
🇸🇪 Armenians · Sweden
958
-14
Henrik
7:54 Loom
10:38 Feudal Age
11:18 Double-Bit Axe
11:57 Man-at-Arms
13:08 Long Swordsman
13:51 Horse Collar
InF1caTe
4:57 Loom
10:31 Feudal Age
10:33 Man-at-Arms
11:08 Double-Bit Axe
11:26 Horse Collar
11:39 Long Swordsman
Connection lost

Rejoining the realm…

Still unreachable

The connection could not be restored.

Session expired

The server has moved on; the page needs a fresh start.